AoeStats
← Yang

Black Forest

508328188Analyzed
4v4 RM · 11d ago on Sep 22, 2026· 38m 53s· 8 players
Game mode
Random Map
Map size
Large (8 player)
Population
200
Speed
Normal
Resources
Standard
Victory
Conquest
Starting age
Dark Age
Ending age
Imperial Age
RankedLock teamsTeams togetherTeam positionsShared explorationLock speedFull tech treeHidden civsTurbo modeCheats
Victory
Defeat
🇧🇴 Britons · Bolivia
1090
+13
🇧🇴 Hindustanis · Bolivia
1037
+15
🇧🇴 Spanish · Bolivia
1023
+16
🇧🇴 Burgundians · Bolivia
968
+19
🇺🇸 Italians · United States
1063
-17
🇨🇱 Bohemians · Chile
1034
-16
🇲🇽 Jurchens · Mexico
1021
-16
🇨🇱 Teutons · Chile
977
-14
Spl1t
7:31 Double-Bit Axe
17:19 Feudal Age
19:40 Fishing Lines
21:05 Scale Barding Armor
21:00 Scale Mail Armor
21:11 Forging
27:20 Gillnets
31:15 Wheelbarrow
33:26 Hand Cart
41:10 Castle Age
39:03 Gold Mining
Dahaka
4:45 Loom
10:36 Feudal Age
17:11 Castle Age
15:26 Double-Bit Axe
15:24 Horse Collar
16:30 Wheelbarrow
18:47 Bow Saw
25:42 Hand Cart
28:07 Forging
28:08 Gold Mining
28:25 Town Watch
30:31 Iron Casting
30:34 Gold Shaft Mining
30:36 Gambesons
31:14 Yeomen
31:28 Fletching
31:41 Padded Archer Armor
34:38 Imperial Age
33:08 Town Patrol
33:48 Stone Mining
34:01 Heavy Plow
34:46 Elite Longbowman
37:20 Chemistry
36:27 Siege Engineers
36:44 Ballistics
36:31 Siege Engineers
36:38 Masonry
37:44 Coinage
37:48 Warwolf
37:46 Bodkin Arrow
38:06 Leather Archer Armor
38:52 Blast Furnace
RColque
0:26 Loom
12:09 Feudal Age
17:48 Castle Age
15:48 Double-Bit Axe
15:48 Horse Collar
Yang
13:17 Feudal Age
12:16 Loom
17:10 Castle Age
15:23 Double-Bit Axe
28:29 Scale Barding Armor
28:15 Fletching
28:25 Padded Archer Armor
31:36 Bow Saw
31:10 Horse Collar
34:11 Gold Mining
35:36 Bodkin Arrow
35:56 Leather Archer Armor
36:02 Chain Barding Armor
36:53 Heavy Plow
Aragorn55
0:51 Loom
Dj_HouseKarl
11:26 Feudal Age
11:00 Loom
12:35 Double-Bit Axe
17:50 Castle Age
17:58 Scale Mail Armor
17:22 Man-at-Arms
18:07 Long Swordsman
24:53 Padded Archer Armor
25:08 Elite Skirmisher
29:16 Fletching
37:08 Bodkin Arrow
Rogierd
0:27 Loom
Ricardo
1:31 Loom
Connection lost

Rejoining the realm…

Still unreachable

The connection could not be restored.

Session expired

The server has moved on; the page needs a fresh start.